SAA
SALEM MISFITS @ MYRTLE BEACH MERMEN
08/23/2031
 
TOP OF THE 1ST
Salem Misfits batting - Pitching for Myrtle Beach Mermen : RHP Chad Li
Pitching: RHP Chad Li
Batting: LHB José Cuervo 0-0: Called Strike
0-1: Foul Ball, location: 2F
0-2: Ball
1-2: Strikes out swinging
Batting: RHB Jorge Ramos 0-0: Ball
1-0: DOUBLE (Line Drive, 78D)
Batting: LHB Jesús Lazcano 0-0: Hit by Pitch
Batting: RHB Akke Derksen 0-0: Swinging Strike
0-1: Ball
1-1: Swinging Strike
1-2: Ball
2-2: Ball
3-2: Foul Ball, location: 2F
3-2: SINGLE (Groundball, 25) (infield hit)
Jorge Ramos to third
Jesús Lazcano to second
Batting: RHB Bob Petiet 0-0: Ball
1-0: Fly out, F6 (Line Drive, 6)
Batting: RHB César Ramos 0-0: Ball
1-0: Ball
2-0: Ball
3-0: Base on Balls
Jorge Ramos scores
Jesús Lazcano to third
Akke Derksen to second
Batting: LHB Tyler Knopp 0-0: Ball
1-0: Fly out, F6 (Popup, 6MD)
Top of the 1st over - 1 run, 2 hits, 0 errors, 3 left on base; Salem 1 - Myrtle Beach 0
BOTTOM OF THE 1ST
Myrtle Beach Mermen batting - Pitching for Salem Misfits : RHP Carlos Salcido
Pitching: RHP Carlos Salcido
Batting: LHB Roberto Vázquez 0-0: Ball
1-0: Ground out 4-3 (Groundball, 4)
Batting: RHB Spartak Gonjarov 0-0: Ball
1-0: Called Strike
1-1: Foul Ball, location: 2F
1-2: Foul Ball, location: 2F
1-2: Foul Ball, location: 2F
1-2: Ball
2-2: Foul Ball, location: 2F
2-2: Ball
3-2: Base on Balls
Batting: LHB Raymond Dudzinski 0-0: Ball
1-0: Ball
Spartak Gonjarov steals 2nd base
2-0: Fly out, F6 (Popup, 6)
Batting: RHB Tumas Wenzu 0-0: Swinging Strike
0-1: Swinging Strike
0-2: Foul Ball, location: 2F
0-2: Ball
1-2: Ball
2-2: Strikes out looking
Bottom of the 1st over - 0 runs, 0 hits, 0 errors, 1 left on base; Salem 1 - Myrtle Beach 0
TOP OF THE 2ND
Salem Misfits batting - Pitching for Myrtle Beach Mermen : RHP Chad Li
Batting: RHB Jorge Gómez 0-0: SINGLE (Groundball, 56D)
Batting: RHB Atanza Vongor 0-0: Ball
1-0: DOUBLE (Groundball, 3L)
Jorge Gómez to third
Runner from 3rd tries for Home, SAFE, no throw
Batting: LHB José Cuervo 0-0: Called Strike
Atanza Vongor steals 3rd base
0-1: Foul Ball, location: 2F
0-2: Ground out 4-3 (Groundball, 4)
Atanza Vongor scores
Batting: RHB Jorge Ramos 0-0: Ball
1-0: SINGLE (Groundball, 6MD)
Batting: LHB Jesús Lazcano 0-0: Ball
1-0: Ball
2-0: Fly out, F8 (Flyball, 8LM)
Batting: RHB Akke Derksen 0-0: Called Strike
0-1: Fly out, F9 (Line Drive, 89D)
Top of the 2nd over - 2 runs, 3 hits, 0 errors, 1 left on base; Salem 3 - Myrtle Beach 0
BOTTOM OF THE 2ND
Myrtle Beach Mermen batting - Pitching for Salem Misfits : RHP Carlos Salcido
Batting: RHB Cody Blackburn 0-0: Called Strike
0-1: Ball
1-1: Called Strike
1-2: Ball
2-2: Strikes out swinging
Batting: RHB Armando Romero 0-0: Ball
1-0: Foul Ball, location: 2F
1-1: Foul Ball, location: 2F
1-2: Foul Ball, location: 2F
1-2: DOUBLE (Groundball, 5L)
Batting: LHB Henry Madore 0-0: Ball
1-0: Ball
2-0: Foul Ball, location: 2F
2-1: Foul Ball, location: 2F
2-2: Ground out 6-3 (Groundball, 6)
Batting: RHB Marvin Overbeek 0-0: Ball
1-0: Ball
2-0: Called Strike
2-1: Ball
3-1: Foul Ball, location: 2F
3-2: Base on Balls
Batting: RHB Sean Sherman 0-0: Ball
1-0: Fly out, F9 (Line Drive, 9)
Bottom of the 2nd over - 0 runs, 1 hit, 0 errors, 2 left on base; Salem 3 - Myrtle Beach 0
TOP OF THE 3RD
Salem Misfits batting - Pitching for Myrtle Beach Mermen : RHP Chad Li
Batting: RHB Bob Petiet 0-0: Called Strike
0-1: Ball
1-1: Foul Ball, location: 2F
1-2: Strikes out swinging
Batting: RHB César Ramos 0-0: Ball
1-0: Called Strike
1-1: Ball
2-1: Fly out, F8 (Flyball, 78D)
Batting: LHB Tyler Knopp 0-0: Foul Ball, location: 2F
0-1: Ball
1-1: Swinging Strike
1-2: Foul Ball, location: 2F
1-2: Ball
2-2: Ball
3-2: Strikes out swinging
Top of the 3rd over - 0 runs, 0 hits, 0 errors, 0 left on base; Salem 3 - Myrtle Beach 0
BOTTOM OF THE 3RD
Myrtle Beach Mermen batting - Pitching for Salem Misfits : RHP Carlos Salcido
Batting: LHB Roberto Vázquez 0-0: Ball
1-0: Ground out 3-1 (Groundball, 34)
Batting: RHB Spartak Gonjarov 0-0: Called Strike
0-1: Ball
1-1: Called Strike
1-2: Ball
2-2: Strikes out swinging
Batting: LHB Raymond Dudzinski 0-0: Ball
1-0: Ball
2-0: Ball
3-0: SINGLE (Groundball, 5D)
Batting: RHB Tumas Wenzu 0-0: Foul Ball, location: 2F
0-1: Ball
1-1: Ball
2-1: Ball
3-1: Foul Ball, location: 2F
3-2: Fly out, F8 (Flyball, 8LD)
Bottom of the 3rd over - 0 runs, 1 hit, 0 errors, 1 left on base; Salem 3 - Myrtle Beach 0
TOP OF THE 4TH
Salem Misfits batting - Pitching for Myrtle Beach Mermen : RHP Chad Li
Batting: RHB Jorge Gómez 0-0: Ball
1-0: Ball
2-0: Foul Ball, location: 2F
2-1: Ball
3-1: Foul Ball, location: 2F
3-2: Ground out U3 (Groundball, 34)
Batting: RHB Atanza Vongor 0-0: Swinging Strike
0-1: Called Strike
0-2: Strikes out looking
Batting: LHB José Cuervo 0-0: Foul Ball, location: 2F
0-1: Ball
1-1: Ball
2-1: Foul Ball, location: 2F
2-2: Fly out, F9 (Flyball, 9)
Top of the 4th over - 0 runs, 0 hits, 0 errors, 0 left on base; Salem 3 - Myrtle Beach 0
BOTTOM OF THE 4TH
Myrtle Beach Mermen batting - Pitching for Salem Misfits : RHP Carlos Salcido
Batting: RHB Cody Blackburn 0-0: Ball
1-0: Foul Ball, location: 2F
1-1: Ball
2-1: Ball
3-1: Called Strike
3-2: Base on Balls
Batting: RHB Armando Romero 0-0: Ball
1-0: Ball
2-0: Ball
3-0: Base on Balls
Cody Blackburn to second
Batting: LHB Henry Madore 0-0: Ball
1-0: Swinging Strike
1-1: Called Strike
1-2: Strikes out swinging
Batting: RHB Marvin Overbeek 0-0: Ball
1-0: Ball
2-0: Foul Ball, location: 2F
2-1: DOUBLE (Flyball, 8LD)
Cody Blackburn scores
Armando Romero to third
Batting: RHB Sean Sherman 0-0: Called Strike
0-1: Ball
Wild Pitch!
Armando Romero scores
Marvin Overbeek to third
1-1: DOUBLE (Line Drive, 7LS)
Marvin Overbeek scores
Batting: LHB Roberto Vázquez 0-0: Ball
1-0: SINGLE (Line Drive, 9LM)
Sean Sherman to third
Batting: RHB Spartak Gonjarov 0-0: Called Strike
0-1: Ball
1-1: Ball
2-1: Foul Ball, location: 2F
2-2: Strikes out swinging
Batting: LHB Raymond Dudzinski 0-0: Ball
1-0: Hit by Pitch
Roberto Vázquez to second
Batting: RHB Tumas Wenzu 0-0: Ball
1-0: Fly out, F8 (Flyball, 8LD)
Bottom of the 4th over - 3 runs, 3 hits, 0 errors, 3 left on base; Salem 3 - Myrtle Beach 3
TOP OF THE 5TH
Salem Misfits batting - Pitching for Myrtle Beach Mermen : RHP Chad Li
Batting: RHB Jorge Ramos 0-0: Ball
1-0: Called Strike
1-1: Swinging Strike
1-2: Ground out 4-3 (Groundball, 4)
Batting: LHB Jesús Lazcano 0-0: SINGLE (Flyball, 7S)
Batting: RHB Akke Derksen 0-0: Called Strike
0-1: Grounds into double play, 6-4-3 (Groundball, 6)
Top of the 5th over - 0 runs, 1 hit, 0 errors, 0 left on base; Salem 3 - Myrtle Beach 3
BOTTOM OF THE 5TH
Myrtle Beach Mermen batting - Pitching for Salem Misfits : RHP Carlos Salcido
Batting: RHB Cody Blackburn 0-0: Foul Ball, location: 2F
0-1: Ball
1-1: Ball
2-1: SINGLE (Line Drive, 6MD)
Batting: RHB Armando Romero 0-0: Bunted foul
0-1: Ball
1-1: Bunted foul
1-2: Strikes out swinging
Batting: LHB Henry Madore 0-0: Ball
1-0: Ball
2-0: Foul Ball, location: 2F
2-1: Ball
3-1: Base on Balls
Cody Blackburn to second
Batting: RHB Marvin Overbeek 0-0: Foul Ball, location: 2F
0-1: Swinging Strike
0-2: Foul Ball, location: 2F
0-2: Ball
1-2: Strikes out swinging
Pitching: RHP Darryl Bachman
Batting: RHB Sean Sherman 0-0: Foul Ball, location: 2F
0-1: Swinging Strike
0-2: Fly out, F7 (Flyball, 7)
Bottom of the 5th over - 0 runs, 1 hit, 0 errors, 2 left on base; Salem 3 - Myrtle Beach 3
TOP OF THE 6TH
Salem Misfits batting - Pitching for Myrtle Beach Mermen : RHP Chad Li
Batting: RHB Bob Petiet 0-0: Called Strike
0-1: Fly out, F7 (Flyball, 7)
Batting: RHB César Ramos 0-0: Called Strike
0-1: Foul Ball, location: 2F
0-2: Foul Ball, location: 2F
0-2: Ball
1-2: Ball
2-2: Foul Ball, location: 2F
2-2: SINGLE (Groundball, 56D)
Batting: LHB Tyler Knopp 0-0: Ball
César Ramos is caught stealing 2nd base
1-0: Ball
2-0: Called Strike
2-1: Called Strike
2-2: Foul Ball, location: 2F
2-2: Ball
3-2: Strikes out looking
Top of the 6th over - 0 runs, 1 hit, 0 errors, 0 left on base; Salem 3 - Myrtle Beach 3
BOTTOM OF THE 6TH
Myrtle Beach Mermen batting - Pitching for Salem Misfits : RHP Darryl Bachman
Batting: LHB Roberto Vázquez 0-0: Ball
1-0: Foul Ball, location: 2F
1-1: Foul Ball, location: 2F
1-2: Ball
2-2: Ball
3-2: Strikes out swinging
Batting: RHB Spartak Gonjarov 0-0: Swinging Strike
0-1: Foul Ball, location: 2F
0-2: Strikes out swinging
Batting: LHB Raymond Dudzinski 0-0: Swinging Strike
0-1: Fly out, F7 (Flyball, 78M)
Bottom of the 6th over - 0 runs, 0 hits, 0 errors, 0 left on base; Salem 3 - Myrtle Beach 3
TOP OF THE 7TH
Salem Misfits batting - Pitching for Myrtle Beach Mermen : RHP Chad Li
Batting: RHB Jorge Gómez 0-0: Ball
1-0: Ball
2-0: Foul Ball, location: 2F
2-1: Ground out 6-3 (Groundball, 6)
Batting: RHB Atanza Vongor 0-0: Ball
1-0: Ground out 4-3 (Groundball, 4M)
Batting: LHB José Cuervo 0-0: Foul Ball, location: 2F
0-1: Foul Ball, location: 2F
0-2: Ball
1-2: Ball
2-2: DOUBLE (Line Drive, 89D)
Batting: RHB Jorge Ramos 0-0: Ball
1-0: Foul Ball, location: 2F
1-1: Foul Ball, location: 2F
1-2: Fly out, F7 (Flyball, 78M)
Top of the 7th over - 0 runs, 1 hit, 0 errors, 1 left on base; Salem 3 - Myrtle Beach 3
BOTTOM OF THE 7TH
Myrtle Beach Mermen batting - Pitching for Salem Misfits : RHP Darryl Bachman
Batting: RHB Tumas Wenzu 0-0: Called Strike
0-1: Swinging Strike
0-2: Strikes out swinging
Batting: RHB Cody Blackburn 0-0: Ball
1-0: Swinging Strike
1-1: Ball
2-1: Ball
3-1: Base on Balls
Batting: RHB Armando Romero 0-0: Foul Ball, location: 2F
0-1: Foul Ball, location: 2F
0-2: Ball
1-2: Fly out, F9 (Line Drive, 9)
Batting: LHB Henry Madore 0-0: Ball
1-0: Ball
2-0: Ball
3-0: Called Strike
3-1: Called Strike
3-2: Base on Balls
Cody Blackburn to second
Pinch Hitting: LHB Félix Castellanos 0-0: Called Strike
0-1: Ball
1-1: Ball
2-1: Foul Ball, location: 2F
2-2: Ball
3-2: Foul Ball, location: 2F
3-2: Foul Ball, location: 2F
3-2: Foul Ball, location: 2F
3-2: Foul Ball, location: 2F
3-2: Foul Ball, location: 2F
3-2: Foul Ball, location: 2F
3-2: Strikes out swinging
Bottom of the 7th over - 0 runs, 0 hits, 0 errors, 2 left on base; Salem 3 - Myrtle Beach 3
TOP OF THE 8TH
Salem Misfits batting - Pitching for Myrtle Beach Mermen : RHP Chad Li
Now at SS: David Meléndez
Batting: LHB Jesús Lazcano 0-0: Ball
1-0: Called Strike
1-1: Ball
2-1: Fly out, F3 (Popup, 3)
Batting: RHB Akke Derksen 0-0: Ball
1-0: SINGLE (Line Drive, 78S)
Pitching: RHP Juan Carlos Cruz
Batting: RHB Bob Petiet 0-0: Called Strike
0-1: Hit by Pitch
Akke Derksen to second
Batting: RHB César Ramos 0-0: Ball
1-0: Called Strike
1-1: Ball
2-1: Foul Ball, location: 2F
2-2: Foul Ball, location: 2F
2-2: Foul Ball, location: 2F
2-2: Foul Ball, location: 2F
2-2: Foul Ball, location: 2F
2-2: Ball
3-2: SINGLE (Groundball, 23) (infield hit)
Akke Derksen to third
Bob Petiet to second
Batting: LHB Tyler Knopp 0-0: Ball
1-0: Fly out, F8 (Flyball, 78D)
Runner from 3rd tags up, OUT at HOME
Top of the 8th over - 0 runs, 2 hits, 0 errors, 2 left on base; Salem 3 - Myrtle Beach 3
BOTTOM OF THE 8TH
Myrtle Beach Mermen batting - Pitching for Salem Misfits : RHP Darryl Bachman
Pinch Hitting: RHB Pancho Núñez 0-0: Ball
1-0: Called Strike
1-1: Ball
2-1: Ball
3-1: Base on Balls
Batting: LHB Roberto Vázquez 0-0: Ground out 4-3 (Groundball, 34)
Pancho Núñez to second
Batting: RHB Spartak Gonjarov 0-0: Called Strike
Pancho Núñez steals 3rd base
0-1: Foul Ball, location: 2F
0-2: Ground out U3 (Groundball, 3S)
Batting: LHB Raymond Dudzinski 0-0: Ball
1-0: DOUBLE (Line Drive, 78S)
Pancho Núñez scores
Batting: RHB Tumas Wenzu 0-0: Ball
1-0: Ball
2-0: Called Strike
2-1: Swinging Strike
2-2: Foul Ball, location: 2F
2-2: Ground out 1-3 (Groundball, 13S)
Bottom of the 8th over - 1 run, 1 hit, 0 errors, 1 left on base; Salem 3 - Myrtle Beach 4
TOP OF THE 9TH
Salem Misfits batting - Pitching for Myrtle Beach Mermen : RHP Juan Carlos Cruz
Pitching: RHP Bob Christison
Now at C: Gomez Talone
Now in RF: Pancho Núñez
Batting: RHB Jorge Gómez 0-0: Called Strike
0-1: Ball
1-1: Ground out 4-3 (Groundball, 4)
Batting: RHB Atanza Vongor 0-0: Called Strike
0-1: Ball
1-1: Ball
2-1: Called Strike
2-2: Foul Ball, location: 2F
2-2: Strikes out looking
Batting: LHB José Cuervo 0-0: Ball
1-0: Ball
2-0: Called Strike
2-1: Ball
3-1: Foul Ball, location: 2F
3-2: SINGLE (Groundball, 34D)
Batting: RHB Jorge Ramos 0-0: Called Strike
0-1: Ball
1-1: Ball
2-1: Foul Ball, location: 2F
2-2: Foul Ball, location: 2F
2-2: Foul Ball, location: 2F
2-2: Ball
3-2: Strikes out swinging
Top of the 9th over - 0 runs, 1 hit, 0 errors, 1 left on base; Salem 3 - Myrtle Beach 4
Tuesday, June 12th, 2018 - OOTP Baseball 18.8 Build 76